 Dungeon Crawl Stone Soup version 0.29-a0-495-g17b79114eb (webtiles) character file.

Game seed: 1814105326481688838

241 croobank the Firebug (level 5, 0/38 HPs)
             Began as a Demigod Fire Elementalist on May 27, 2022.
             Succumbed to Eustachio's poison
             ... on level 4 of the Dungeon.
             The game lasted 00:16:07 (3893 turns).

croobank the Firebug (Demigod Fire Elementalist)    Turns: 3893, Time: 00:16:07

Health: 0/38       AC:  4    Str:  9    XL:     5   Next: 51%
Magic:  10/12      EV: 12    Int: 21    God:
Gold:   122        SH:  0    Dex: 14    Spells: 6/9 levels left

rFire   . . .      SeeInvis .   u - +0 dagger (flame)
rCold   . . .      Faith    .   (no shield)
rNeg    . . .      Spirit   .   a - +0 robe
rPois   .          Reflect  .   (helmet restricted)
rElec   .          Harm     .   (no cloak)
rCorr   .          Rampage  .   (no gloves)
Will    .....                   (no boots)
Stlth   ++........              d - amulet of magic regeneration
HPRegen 0.12/turn               (no ring)
MPRegen 0.53/turn               (no ring)

@: lethally poisoned (0 -> -7), very slightly contaminated, hasted, invisible,
very quick
A: high MP 1, forlorn, divine attributes, horns 1, iridescent scales 1, mutation
resistance 1
a: no special abilities


You were on level 4 of the Dungeon.
You visited 1 branch of the dungeon, and saw 4 of its levels.

You collected 122 gold pieces.

Inventory:

Hand Weapons
 b - a +0 hunting sling
 e - a +1 short sword
 o - a +0 spear
 p - a +0 hand axe
 u - a +0 dagger of flaming (weapon)
 w - a +0 morningstar
Missiles
 j - 4 curare-tipped darts (quivered)
 k - 11 poisoned darts
 n - 111 stones
 x - 2 boomerangs
Armour
 a - a +0 robe (worn)
 g - a +0 leather armour
 h - a +0 tower shield
 r - the +9 scale mail "Buarghesm" {Dex+7}
   (You found it on level 2 of the Dungeon)

   Dex:       It affects your dexterity (+7).
Jewellery
 c - an amulet of guardian spirit
 d - an amulet of magic regeneration (around neck)
 q - the amulet "Sityehom" {RegenMP Slay+3}
   (You found it on level 3 of the Dungeon)

   [amulet of magic regeneration]

   It increases your rate of magic regeneration.
   Slay:      It affects your accuracy & damage with ranged weapons and melee
   (+3).
Scrolls
 v - a scroll of poison {unknown}
 y - a scroll of summoning {unknown}
 A - a scroll of vulnerability {unknown}
Potions
 i - 3 potions of flight
 l - 6 potions of mutation
 m - 2 potions of cancellation
 z - 2 potions of magic


   Skills:
 + Level 2.8 Dodging
 + Level 3.1 Stealth
 + Level 2.7 Spellcasting
 + Level 2.4 Conjurations
 + Level 3.5 Fire Magic


You had 6 spell levels left.
You knew the following spells:

 Your Spells              Type           Power      Damage    Failure   Level
a - Foxfire               Conj/Fire      60%        2x1d7     4%          1
b - Scorch                Fire           34%        2d6       4%          2

Your spell library contained the following spells:

 Spells                   Type           Power      Damage    Failure   Level
 Conjure Flame            Conj/Fire      15%        6-21      12%         3
 Freeze                   Ice            8%         1d3       14%         1
 Inner Flame              Hex/Fire       10%        N/A       21%         3
 Flame Wave               Conj/Fire      15%        2d6       36%         4
 Frozen Ramparts          Ice            4%         1d2       38%         3
 Hailstorm                Conj/Ice       8%         3d4       63%         4


Dungeon Overview and Level Annotations

Branches:
Dungeon (4/15)
 Temple: D:4-7

Annotations:
D:4 Eustachio


Innate Abilities, Weirdness & Mutations

You have an increased reservoir of magic. (+10% MP)
You shall have no god before yourself.
Your divine heritage dramatically boosts your attributes as you level up.
You have a pair of small horns on your head.
You are partially covered in iridescent scales. (AC +2)
You are somewhat resistant to further mutation.


Message History

The orc barely misses you. The orc closely misses you.
Casting: Scorch (safe; 4% risk of failure)
Confirm with . or Enter, or press ? or * to list all spells.
You miscast Scorch.
Nothing appears to happen.
The orc priest hits you with a +0 flail!
* * * LOW HITPOINT WARNING * * *
The orc hits you with a +0 club.
* * * LOW HITPOINT WARNING * * *
The orc hits you with a +0 club.
* * * LOW HITPOINT WARNING * * *
Okay, then.
Okay, then.
Sorry, you're not good enough to have a special ability.
Okay, then.
Okay, then.
You feel yourself speed up. The orc closely misses you.
The orc completely misses you.
The orc priest looks encouraged for a moment.
You fade into invisibility!
The orc priest invokes the aid of Beogh against the orc.
The orc writhes in agony.
The orc dies!
There is an open door here.
You close the door.
Found a stone staircase leading down.
Found 18 gold pieces.
Eustachio the Magnificent comes into view.
He is wielding a +2 falchion of venom and wearing a +0 leather armour of positive energy.
Your +0 dagger of flaming bursts into flame!
u - a +0 dagger of flaming (weapon)
Number of times to repeat, then command key: You must enter the number of times for the command to repeat.
The helpless Eustachio fails to defend himself.
You puncture Eustachio! You burn Eustachio.
Eustachio is heavily wounded.
Eustachio hits you with a +2 falchion of venom.
* * * LOW HITPOINT WARNING * * *
You are lethally poisoned!
You closely miss Eustachio.
Eustachio is heavily wounded.
You die...

#..#((#...†<#.#.#.....#
#.#.#(#....##.#.#.....#
##..(##....##...#...>.#
###.###....#..........#
#.###.#....#........#.$..
#.....#....#........####.
##._.##....#........#
.....#........#
#..####.@......+
#@.......# #........#
#....##### ###.## .# .#
.#


You could see Eustachio (can't see you).

Vanquished Creatures
  2 hounds
  2 orc wizards
  3 gnolls (D:2)
  2 adders (D:2)
  A dart slug (D:1)
  7 orcs
  4 ball pythons
  2 bats (D:2)
  9 endoplasms
  5 giant cockroaches
  4 goblins
  8 hobgoblins
  4 jackals (D:1)
  5 kobolds
  2 quokkas
  6 frilled lizards
  4 rats
70 creatures vanquished.

Vanquished Creatures (others)
  An orc (D:4)
  118 foxfires
119 creatures vanquished.

Grand Total: 189 creatures vanquished

Notes
Turn   | Place    | Note
-------+----------+-------------------------------------------
     0 | D:1      | croobank the Demigod Fire Elementalist began the quest for
                  | the Orb.
     0 | D:1      | Reached XP level 1. HP: 14/14 MP: 5/5
    65 | D:1      | Reached skill level 1 in Conjurations
   275 | D:1      | Reached XP level 2. HP: 20/20 MP: 5/7
   280 | D:1      | Learned a level 2 spell: Scorch
  1240 | D:1      | Reached XP level 3. HP: 26/26 MP: 6/8
  1756 | D:2      | Gained mutation: You are dopey. (Int -2) [potion of
                  | mutation]
  1756 | D:2      | Gained mutation: You are weak. (Str -2) [potion of
                  | mutation]
  1756 | D:2      | Gained mutation: You are strong-willed. (Will+) [potion of
                  | mutation]
  1756 | D:2      | Lost mutation: You are weak. (Str -2) [potion of mutation]
  1757 | D:2      | Lost mutation: You are dopey. (Int -2) [potion of mutation]
  1757 | D:2      | Lost mutation: You are strong-willed. (Will+) [potion of
                  | mutation]
  1757 | D:2      | Gained mutation: You are partially covered in iridescent
                  | scales. (AC +2) [potion of mutation]
  1757 | D:2      | Gained mutation: You have a pair of small horns on your
                  | head. [potion of mutation]
  1757 | D:2      | Gained mutation: You are somewhat resistant to further
                  | mutation. [potion of mutation]
  1961 | D:2      | Identified the +9 scale mail "Buarghesm" {Dex+7}
  2296 | D:2      | Reached XP level 4. HP: 29/33 MP: 4/10
  2753 | D:3      | Identified the amulet "Sityehom" {RegenMP Slay+3}
  3596 | D:3      | Reached XP level 5. HP: 24/38 MP: 2/11
  3795 | D:4      | Noticed a +0 spear
  3795 | D:4      | Noticed a +0 short sword
  3795 | D:4      | Noticed a +0 short sword
  3795 | D:4      | Noticed a +0 spear
  3798 | D:4      | Noticed a +0 falchion
  3799 | D:4      | Noticed a +0 dagger
  3807 | D:4      | Noticed a +0 falchion
  3833 | D:4      | Noticed a +0 dagger
  3883 | D:4      | Noticed Eustachio
  3893 | D:4      | Succumbed to Eustachio's poison

Illustrated notes

Levels and vault maps discovered:
D:1:      lemuel_arrival_behind_the_door_large, layout_loops_cross,
          shapermc_ecumenical_altar_gd, minmay_ruptured
D:2:      layout_basic, minmay_crystal_room, grunt_decor_arrowhead,
          minmay_misc_feat_diagonals, grunt_decor_cap,
          minmay_misc_feat_nine_boxes
D:3:      layout_loops_corners, nicolae_qazlal_scattered_showers,
          lemuel_crystal_altar, kennysheep_ying_yang
D:4:      layout_basic, nicolae_uskayaw_en_pointe, nicolae_ru_path_of_blood,
          uniq_eustachio, uniq_edmund

Skill      XL: |  1  2  3  4  5 |
---------------+----------------+-----
Conjurations   | 1 2 |  2.4
Stealth        | 2 3 |  3.1
Dodging        | 2 |  2.8
Spellcasting   | 2 |  2.7
Fire Magic     | 3 |  3.5

Action                   |  1- 3 |  4- 6 || total
-------------------------+-------+-------++-------
Melee: Short sword       |    47 |     6 ||    53
       Headbutt          |     3 |     1 ||     4
       Dagger            |       |     2 ||     2
 Cast: Foxfire           |    45 |    28 ||    73
       Scorch            |    13 |    23 ||    36
  Use: Scroll            |     7 |     2 ||     9
       Potion            |     3 |     2 ||     5
 Stab: Sleeping          |       |     1 ||     1
Armor: Robe              |    14 |     3 ||    17
Dodge: Dodged            |    39 |    18 ||    57

Table legend: (Time is in decaauts)
 A = Elapsed time spent in this place.
 B = Non-inter-level travel time spent in this place.
 C = Inter-level travel time spent in this place.
 D = Time resting spent in this place.
 E = Time spent auto-exploring this place.
 F = Levels seen in this place.
 G = Mean time per level.
                   A        B        C        D        E       F      G
               +--------+--------+--------+--------+--------+-----+--------+
         Total |   3887 |   3766 |    121 |    230 |   2987 |   4 |  971.8 |
       Dungeon |   3887 |   3766 |    121 |    230 |   2987 |   4 |  971.8 |
               +--------+--------+--------+--------+--------+-----+--------+

Top non-repeatable levels by time:
     D:1: 1463 daAuts
     D:2: 1251 daAuts
     D:3: 1084 daAuts
     D:4: 87 daAuts
